Zazza, neutral female human Wizard ---.......... |....G....)<. |..h@h....... --.).. .).. %.. Zazza the Conjurer Experience level: 5 Strength: 13 Dexterity: 10 Constitution: 17 Intelligence: 18 Wisdom: 11 Charisma: 11 Health: 0(49) Energy: 41(64) Def: -1 Gold: 312 Moves: 2447 Dungeon seed: mTlWFp0ZdFdfGz9m Game ID: Zazza_1576351768 Your Inventory: Coins $ - 312 gold pieces Weapons a - a blessed +1 quarterstaff (weapon in hands) p - a +0 quarterstaff u - a +0 orcish dagger A - 4 blessed +0 daggers B - 6 +0 daggers Armor e - a cursed +0 cloak of magic resistance (being worn) y - a cursed rusty -2 orcish helm (being worn) Scrolls i - a cursed scroll of teleportation j - a blessed scroll of light k - an uncursed scroll of gold detection q - an uncursed scroll of light Spellbooks l - a blessed spellbook of force bolt m - an uncursed spellbook of sleep n - an uncursed spellbook of remove curse Potions f - an uncursed potion of object detection g - a cursed potion of extra healing h - a cursed potion of gain energy v - an uncursed potion of gain energy x - an uncursed potion of water Rings c - an uncursed +1 ring of gain constitution (on left hand) d - an uncursed ring of cold resistance (on right hand) Wands b - a cursed wand of teleportation (0:4) Tools r - an uncursed tin opener t - an uncursed mirror w - a bag of tricks (0:3) C - a +0 pick-axe Gems z - an uncursed chrysoberyl stone N - an uncursed worthless piece of yellowish brown glass Y - an uncursed worthless piece of black glass Spells and supernatural/magical abilities: Name Level Category Fail Memory a - force bolt 1 attack 0% 88% z - sleep 1 enchantment 0% 88% W - pray for help -- divine ? -- Your skills at the end: Fighting Skills Weapon Skills quarterstaff [Basic] Spellcasting Skills attack spells [Basic] enchantment spells [Basic] Final Attributes: You were piously aligned. You were cold resistant. You were magic-protected. You are dead. Vanquished creatures: 2 water nymphs 2 gnome lords a gnomish wizard 3 dwarves 3 acid blobs 2 coyotes a yellow mold a red mold 7 gnomes 2 garter snakes 2 geckos 4 jackals 2 goblins a sewer rat 6 grid bugs a bat 8 lichens a kobold zombie 11 newts 60 creatures vanquished. Voluntary challenges: You had been an atheist until turn 2115. You used a wielded weapon 42 times, starting on turn 372. You read items or engraved 1 time, starting on turn 6. You never genocided any monsters. You never polymorphed an object. You never changed form. You used no wishes. You never split a pudding. You never wrote Elbereth's name. You violated your moral code, losing 14 points of alignment, starting on turn 2079. Dungeon overview: The Dungeons of Doom: levels 1 to 2 Level 1 a long staircase Level 2 a fountain stairs to The Gnomish Mines The Gnomish Mines: levels 3 to 4 Level 3 stairs to The Dungeons of Doom Level 4 <- You were here History has recorded: On T:1 you entered the Dungeons of Doom to retrieve the Amulet of Yendor! On T:725 you advanced to experience level 2. On T:1178 you advanced to experience level 3. On T:1692 you reached level 2 of The Dungeons of Doom. On T:2062 you advanced to experience level 4. On T:2261 you reached level 1 of The Gnomish Mines. On T:2284 you advanced to experience level 5. On T:2425 you reached level 2 of The Gnomish Mines. Score breakdown: Gold: 312 ( 8488 points) Experience: 5 levels (11141 points) Exploration: 4 levels ( 8.33%) ( 7579 points) Discoveries: 2 items ( 0.70%) ( 2504 points) Valuables value: (no points given unless you survive) Artifact value: 0 ( 0 points) Variety of kills: 19 monsters ( 4.99%) ( 6699 points) Turncount: 2447 turns ( -298 points) Survival: died (score multiplied by 80%) Total score: 28890 Latest messages: C - a pick-axe. You hear some noises in the distance. You hear some noises. You hear some noises in the distance. You hear some noises. You hear some noises in the distance. You stop exploring. You are hit by a dagger. You stop exploring. The gnome hits! You hit the gnome. You hear a chugging sound. You hit the gnome. The gnome hits! You kill the gnome! You are almost hit by a dagger. (2x) You are hit by a dagger. You hit the gnome king. The hobbit hits! The dwarf wields a pick-axe! You hit the gnome king. The gnome king hits! You miss the gnome king. The hobbit hits! The gnome king hits! You die... Final status: Goodbye Zazza the Wizard, killed by a gnome king... You died in The Gnomish Mines on dungeon level 4 with 28890 points, and 312 pieces of gold, after 2447 moves. You were level 5 with a maximum of 49 hit points when you died.